 Dungeon Crawl Stone Soup version 0.29-a0-23-ga79f92ac9c (webtiles) character file.

Game seed: 4188724586238722263

58 HallandMoats the Skirmisher (level 4, -1/29 HPs)
             Began as a Gargoyle Fighter on Jan 31, 2022.
             Slain by Sigmund (20 damage)
             ... on level 2 of the Dungeon.
             The game lasted 00:01:13 (1662 turns).

HallandMoats the Skirmisher (Gargoyle Fighter)      Turns: 1662, Time: 00:01:14

Health: -1/29      AC: 14    Str: 19    XL:     4   Next: 2%
Magic:  5/5        EV:  9    Int:  9    God:
Gold:   108        SH:  4    Dex: 11    Spells: 3/3 levels left

rFire   . . .      SeeInvis .   a - +0 war axe
rCold   . . .      Faith    .   c - +0 buckler
rNeg    + . .      Spirit   .   b - +0 scale mail
rPois   ∞          Reflect  .   (no helmet)
rElec   +          Harm     .   (no cloak)
rCorr   .          Rampage  .   (no gloves)
Will    .....                   (no boots)
Stlth   ..........              (no amulet)
HPRegen 0.09/turn               f - +4 ring of protection
MPRegen 0.09/turn               (no ring)

@: mighty
A: sickness immunity, AC +3, negative energy resistance 1, electricity
resistance, torment resistance 1, petrification resistance
a: no special abilities


You were on level 2 of the Dungeon.
You visited 1 branch of the dungeon, and saw 2 of its levels.

You collected 108 gold pieces.

Inventory:

Hand Weapons
 a - a +0 war axe (weapon)
Armour
 b - a +0 scale mail (worn)
 c - a +0 buckler (worn)
Jewellery
 f - a +4 ring of protection (left hand)
Scrolls
 e - 2 scrolls of vulnerability {unknown}
 h - 2 scrolls of identify {unknown}
 i - a scroll of magic mapping {unknown}
Potions
 g - a potion of cancellation {unknown}


   Skills:
 * Level 3.8 Fighting
 * Level 2.3 Axes
 + Level 3.5 Armour
 + Level 0.5 Dodging
 + Level 3.5 Shields
 * Level 1.5 Invocations


You had 3 spell levels left.
You didn't know any spells.
Your spell library was empty.

Dungeon Overview and Level Annotations

Branches:
Dungeon (2/15)

Altars:

Annotations:
D:2 1 runed translucent door, Crazy Yiuf, Sigmund


Innate Abilities, Weirdness & Mutations

You are immune to sickness and miasma.
Your stone body is resilient. (AC +3)
You are immune to poison.
You resist negative energy. (rN+)
You are resistant to electric shocks. (rElec)
You are resistant to unholy torment.
You are immune to petrification.


Message History

Really walk into that dispersal trap?
You enter a dispersal trap!
The goblin blinks! x3; You blink.
You block the goblin's attack.
You hit the goblin.
You kill the goblin!
The goblin hits you but does no damage.
Things that are here:
a +1 dagger of draining; a goblin corpse You closely miss the goblin.
The goblin closely misses you.
You slash the goblin!
You kill the goblin!
You have reached level 4!
You feel clever.
Things that are here:
a +0 club; a goblin corpse As you open the door, it creaks loudly!
There is an open door here.
You open the large door.
A giant cockroach, a kobold, a bat, an adder and Sigmund come into view.
Sigmund is wielding a +4 scythe of distortion.
The adder hisses angrily.
Sigmund shouts!
Found a whip and a helmet.
You feel very mighty all of a sudden.
Sigmund gestures wildly while chanting.
Sigmund flickers and vanishes!
Deactivating autopickup; reactivate with Ctrl-A.
The bat closely misses you.
You closely miss the bat. The bat barely misses you.
The bat hits you but does no damage. The giant cockroach bites you.
You closely miss the giant cockroach. You slash the bat!
You kill the bat!
The giant cockroach closely misses you.
The giant cockroach bites you but does no damage.
You slash the giant cockroach!
You kill the giant cockroach!
You hit the adder.
The adder bites you but does no damage. x2
The kobold hits you but does no damage. Something hits you!
Space warps horribly around you!!
Ouch! That really hurt!
You die...

#.....# #.###.#
#######.###.#
.[........#.#
.######.#.#.#
## ##....#.#
#.......# #####
##......###...#
#..#......†@.#
##.###.####KS#
#..#.## ♣..♣
### ##'#.##
#..# ..#
##...## #..#
#>###.....##
..).
#.##.......##
..[.
#.#.........#
#..##
..'.........#


You could see an adder and a kobold.

Vanquished Creatures
  Terence (D:2)
  An adder (D:2)
  A dart slug (D:2)
  3 ball pythons
  2 bats (D:2)
  An endoplasm (D:1)
  A giant cockroach (D:2)
  3 goblins
  A hobgoblin (D:1)
  2 kobolds (D:2)
  3 quokkas (D:2)
  A rat (D:2)
20 creatures vanquished.

Notes
Turn   | Place    | Note
-------+----------+-------------------------------------------
     0 | D:1      | HallandMoats the Gargoyle Fighter began the quest for the
                  | Orb.
     0 | D:1      | Reached XP level 1. HP: 14/14 MP: 1/1
   777 | D:2      | Reached XP level 2. HP: 19/19 MP: 2/2
  1013 | D:2      | Noticed Terence
  1024 | D:2      | Killed Terence
  1025 | D:2      | Reached skill level 1 in Invocations
  1025 | D:2      | Reached XP level 3. HP: 14/24 MP: 3/3
  1358 | D:2      | Found a runed translucent door.
  1359 | D:2      | Noticed Crazy Yiuf
  1633 | D:2      | Reached XP level 4. HP: 29/29 MP: 5/5
  1658 | D:2      | Noticed Sigmund
  1662 | D:2      | Slain by Sigmund

Illustrated notes

Levels and vault maps discovered:
D:1:      lemuel_arrival_funnel, layout_loops_ring, hangedman_decor_growths
D:2:      layout_loops_corners, kennysheep_generic_room_5, uniq_sigmund,
          uniq_crazy_yiuf_cottage, uniq_terence

Skill      XL: |  1  2 |
---------------+-------+-----
Axes           | 2 |  2.3
Invocations    | 1 |  1.5
Fighting       | |  3.8
Armour         | |  3.5
Dodging        | |  0.5
Shields        | |  3.5

Action                   |  1- 3 |  4- 6 || total
-------------------------+-------+-------++-------
Melee: War axe           |    49 |     3 ||    52
  Use: Potion            |       |     1 ||     1
Armor: Scale mail        |    15 |     5 ||    20
Dodge: Dodged            |    24 |     3 ||    27
Block: Buckler           |    12 |       ||    12

Table legend: (Time is in decaauts)
 A = Elapsed time spent in this place.
 B = Non-inter-level travel time spent in this place.
 C = Inter-level travel time spent in this place.
 D = Time resting spent in this place.
 E = Time spent auto-exploring this place.
 F = Levels seen in this place.
 G = Mean time per level.
                   A        B        C        D        E       F      G
               +--------+--------+--------+--------+--------+-----+--------+
         Total |   1683 |   1669 |     14 |      0 |   1510 |   2 |  841.5 |
       Dungeon |   1683 |   1669 |     14 |      0 |   1510 |   2 |  841.5 |
               +--------+--------+--------+--------+--------+-----+--------+

Top non-repeatable levels by time:
     D:2: 916 daAuts
     D:1: 767 daAuts
